 Dungeon Crawl Stone Soup version 0.29.1-2-gbd0b4ee654 (webtiles) character file.

Game seed: 5225685910242845581

456 LustLizard the Shooter (level 6, -6/30 HPs)
             Began as a Spriggan Hunter on Dec 1, 2022.
             Killed from afar by Natasha (12 damage)
             ... with a puff of flame
             ... on level 4 of the Dungeon.
             The game lasted 00:08:12 (4182 turns).

LustLizard the Shooter (Spriggan Hunter)            Turns: 4182, Time: 00:08:12

Health: -6/30      AC:  2    Str:  7    XL:     6   Next: 77%
Magic:  9/9        EV: 18    Int: 10    God:
Gold:   137        SH:  0    Dex: 21    Spells: 3/8 levels left

rFire   . . .      SeeInvis +   a - +0 shortbow
rCold   . . .      Faith    .   (shield currently unavailable)
rNeg    . . .      Spirit   .   c - +0 robe
rPois   .          Reflect  .   g - +0 hat
rElec   .          Harm     .   (no cloak)
rCorr   +          Rampage  .   (gloves unavailable)
Will    +....                   (boots unavailable)
Stlth   +++.......              (no amulet)
HPRegen 0.10/turn               n - ring of flight
MPRegen 0.11/turn               o - ring of resist corrosion

@: flying, very quick
A: very small, no large weapons, unfitting armour, see invisible, speed 3
a: no special abilities


You were on level 4 of the Dungeon.
You visited 1 branch of the dungeon, and saw 4 of its levels.

You collected 137 gold pieces.

Inventory:

Hand Weapons
 a - a +0 shortbow (weapon)
Armour
 c - a +0 robe (worn)
 g - a +0 hat (worn)
Jewellery
 n - a ring of flight (left hand)
 o - a ring of resist corrosion (right hand)
Scrolls
 b - a scroll of immolation
 d - 2 scrolls of butterflies {unknown}
 e - 2 scrolls of teleportation {unknown}
 f - 2 scrolls of identify
 h - 2 scrolls of noise {unknown}
 i - 2 scrolls of poison {unknown}
 j - a scroll of acquirement {unknown}
 k - a scroll of magic mapping {unknown}
 l - a scroll of fear {unknown}
 q - a scroll of amnesia {unknown}
Potions
 m - 2 potions of mutation
 p - a potion of invisibility {unknown}
 r - a potion of magic {unknown}


   Skills:
 - Level 1.5 Fighting
 * Level 6.2 Ranged Weapons
 - Level 2.6 Dodging
 + Level 5.3 Stealth
 + Level 1.7 Spellcasting
 + Level 2.2 Transmutations
 + Level 1.1 Fire Magic
 + Level 1.0 Air Magic
 + Level 1.5 Poison Magic


You had 3 spell levels left.
You knew the following spells:

 Your Spells              Type           Power      Damage    Failure   Level
a - Ignite Poison         Fire/Tmut/Pois 4%         N/A       43%         3
b - Poisonous Vapours     Pois/Air       6%         N/A       28%         2

Your spell library contained the following spells:

 Spells                   Type           Power      Damage    Failure   Level
 Sting                    Tmut/Pois      16%        1d3       14%         1
 Mephitic Cloud           Conj/Pois/Air  2%         N/A       56%         3
 Dazzling Flash           Conj/Hex       0%         N/A       67%         3
 Olgreb's Toxic Radiance  Pois           4%         N/A       86%         4
 Agony                    Necr           0%         N/A       100%        5
 Freezing Cloud           Conj/Ice/Air   0%         6-21      100%        5
 Silence                  Hex/Air        0%         N/A       100%        5


Dungeon Overview and Level Annotations

Branches:
Dungeon (4/15)
 Temple: D:4-7

Altars:
Fedhas
Gozag
Hepliaklqana
Okawaru
Sif Muna
Xom
Yredelemnul

Annotations:
D:4 Menkaure, Natasha


Innate Abilities, Weirdness & Mutations

You are very small and have problems with some larger weapons.
You are too small for most types of armour.
You have supernaturally acute eyesight. (SInv)
You cover ground extremely quickly. (Speed+++)


Message History

There is an open door here.
There is a stone staircase leading down here.
Natasha, Servant of Life and Death comes into view.
She is carrying a wand of flame (14).
You shoot an arrow. The arrow hits Natasha!
Natasha is heavily wounded.
Natasha zaps a wand.
The puff of flame hits you!
You shoot an arrow.
The arrow hits Natasha but does no damage.
Natasha is heavily wounded.
You shoot an arrow. The arrow misses Natasha.
Natasha casts a spell at you. The magic dart hits you.
You are too injured to fight recklessly!
Fire: a) +0 shortbow
Press: ? - help, Q - select action Shift-Dir - straight line, f/p - Natasha
Aim: Natasha, carrying a wand of flame (13) (heavily wounded, 59% to hit)
You shoot an arrow. The arrow closely misses Natasha.
Unknown command.
Fire: a) +0 shortbow
Press: ? - help, Q - select action Shift-Dir - straight line, f/p - Natasha
Aim: Natasha, carrying a wand of flame (13) (heavily wounded, 59% to hit)
You shoot an arrow. The arrow closely misses Natasha.
Natasha zaps a wand.
The puff of flame hits you.
Unknown command.
Fire: a) +0 shortbow
Press: ? - help, Q - select action Shift-Dir - straight line, f/p - Natasha
Aim: Natasha, carrying a wand of flame (12) (heavily wounded, 59% to hit)
You shoot an arrow. The arrow hits Natasha.
Natasha is severely wounded.
Natasha misses you. Natasha casts a spell at you. The magic dart hits you.
* * * LOW HITPOINT WARNING * * *
Fire: a) +0 shortbow
Press: ? - help, Q - select action Shift-Dir - straight line, f/p - Natasha
Aim: Natasha, carrying a wand of flame (12) (severely wounded, 59% to hit)
You shoot an arrow. The arrow hits Natasha.
Natasha is almost dead.
Natasha zaps a wand.
The puff of flame hits you!
You die...

#......#.#######......# #
#..##.................# #
#..###...######.......# #
#..........####.......# #
##..#..#.......#......# #
#..#..#.#.###.#......## #####
#..........##.........###8...
##'####.###########.#...†....
#...#.......@..h..#.#####8...
#...#.#.#########.#.....#####
#...#.#...# ##.#.######.##
#...#.###.# #.........)..#
#...#.#...######..).######..#
#...#.#...##........# #..(..#
#...#.#...##.####..## #.##.##
##'##.##.....####..# #.##.##
#.##.#####.....#..####.#....


You could see Natasha.

Vanquished Creatures
  2 scorpions (D:4)
  A hound (D:4)
  An orc priest (D:4)
  An iguana (D:4)
  Natasha (twice) (D:4)
  7 gnolls
  4 adders
  3 worms
  6 dart slugs
  4 orcs
  7 ball pythons
  2 bats (D:3)
  4 endoplasms
  2 giant cockroaches (D:2)
  5 hobgoblins
  8 jackals (D:2)
  13 kobolds
  A quokka (D:2)
  4 frilled lizards
  5 goblins
  4 rats
86 creatures vanquished.

Notes
Turn   | Place    | Note
-------+----------+-------------------------------------------
     0 | D:1      | LustLizard the Spriggan Hunter began the quest for the Orb.
     0 | D:1      | Reached XP level 1. HP: 10/10 MP: 2/2
   162 | D:1      | Reached XP level 2. HP: 13/14 MP: 3/3
   790 | D:2      | Reached XP level 3. HP: 11/18 MP: 4/4
  1041 | D:2      | Reached skill level 5 in Ranged Weapons
  1047 | D:2      | Reached XP level 4. HP: 20/22 MP: 5/5
  1442 | D:2      | You fall into a shaft and drop 1 floor!
  1644 | D:2      | Learned a level 3 spell: Ignite Poison
  1922 | D:2      | Reached XP level 5. HP: 25/25 MP: 6/6
  2029 | D:3      | Reached skill level 1 in Transmutations
  2518 | D:4      | Found an opulent altar of Gozag.
  2563 | D:4      | Noticed Natasha
  2617 | D:4      | Reached skill level 1 in Spellcasting
  2797 | D:4      | Killed Natasha
  2877 | D:4      | Learned a level 2 spell: Poisonous Vapours
  2900 | D:4      | Noticed Menkaure
  2999 | D:4      | Found a shimmering blue altar of Sif Muna.
  2999 | D:4      | Found a basalt altar of Yredelemnul.
  3002 | D:4      | Found a hazy altar of Hepliaklqana.
  3094 | D:4      | Reached skill level 6 in Ranged Weapons
  3094 | D:4      | Reached skill level 5 in Stealth
  3094 | D:4      | Reached skill level 1 in Poison Magic
  3094 | D:4      | Reached XP level 6. HP: 17/30 MP: 8/8
  3334 | D:4      | Found a glowing silver altar of Zin.
  3406 | D:4      | Found an iron altar of Okawaru.
  3406 | D:4      | Found a shimmering altar of Xom.
  3408 | D:4      | Found a shimmering altar of Xom.
  3408 | D:4      | Found a shimmering blue altar of Sif Muna.
  3408 | D:4      | Found a blossoming altar of Fedhas.
  3454 | D:4      | Reached skill level 1 in Fire Magic
  4114 | D:4      | Noticed Natasha
  4116 | D:4      | Killed Natasha
  4117 | D:4      | Reached skill level 1 in Air Magic
  4167 | D:4      | Noticed Natasha
  4182 | D:4      | Killed from afar by Natasha

Illustrated notes

Levels and vault maps discovered:
D:1:      dpeg_arrival_rooms_a, layout_basic, grunt_decor_arrowhead,
          kennysheep_boxes
D:2:      layout_loops_cross, hangedman_decor_clover_reticule,
          grunt_ministairs_1
D:3:      layout_rooms
D:4:      layout_basic, doesnt_xom_only_xom, nicolae_overflow_hidden_temple,
          mainiacjoe_overflow_24_doors, uniq_natasha, uniq_menkaure

Skill      XL: |  1  2  3  4  5  6 |
---------------+-------------------+-----
Stealth        | 2 3 4 5 |  5.3
Ranged Weapons | 5 6 |  6.2
Transmutations | 1 2 |  2.2
Spellcasting   | 1 |  1.7
Poison Magic   | 1 |  1.5
Fire Magic     | 1 |  1.1
Air Magic      | 1 |  1.0
Fighting       | |  1.5
Dodging        | |  2.6

Action                   |  1- 3 |  4- 6 || total
-------------------------+-------+-------++-------
 Fire: Shortbow          |    81 |   210 ||   291
  Use: Scroll            |       |     1 ||     1
Armor: Robe              |     2 |     4 ||     6
Dodge: Dodged            |    12 |    67 ||    79
